 Dungeon Crawl Stone Soup version 0.30-a0-347-gf58ed5266c (webtiles) character file.

Game seed: 3259353775737261041

1 Zonian the Magician (level 1, 0/15 HPs)
             Began as a Djinni Ice Elementalist on Nov 6, 2022.
             Slain by a frilled lizard (1 damage)
             ... on level 1 of the Dungeon.
             The game lasted 00:00:13 (119 turns).

Zonian the Magician (Djinni Ice Elementalist)        Turns: 119, Time: 00:00:13

Health: 0/15       AC:  2    Str:  7    XL:     1   Next: 22%
Gold:   0          EV: 12    Int: 16    God:
                   SH:  0    Dex: 13

rFire   + + .      SeeInvis .    (no weapon)
rCold   x . .      Faith    .    (no shield)
rNeg    . . .      Spirit   .    a - +0 robe
rPois   ∞          Reflect  .    (no helmet)
rElec   .          Harm     .    (no cloak)
rCorr   .          Rampage  .    (no gloves)
Will    .....                    (boots unavailable)
Stlth   ++........               (no amulet)
HPRegen 0.22/turn                (no ring)
MPRegen 0.00/turn                (no ring)

@: flying, very slightly contaminated
A: sickness immunity, fire resistance 2, cold vulnerability 1, float, innate
caster, HP casting, extra vitality 1
a: no special abilities


You were on level 1 of the Dungeon.
You visited 1 branch of the dungeon, and saw 1 of its levels.

Inventory:

Hand Weapons
 b - a +0 sling
Armour
 a - a +0 robe (worn)


   Skills:
 + Level 2.2 Dodging
 + Level 1.6 Stealth
 + Level 3.2 Spellcasting


You couldn't memorise any spells.
You knew the following spells:

 Your Spells              Type           Power      Damage    Failure   Level
a - Freeze                Ice            52%        1d6       4%          1
b - Frozen Ramparts       Ice            26%        1d4       14%         3
c - Ozocubu's Armour      Ice            13%        N/A       14%         3
d - Summon Ice Beast      Ice/Summ       13%        N/A       43%         4
Your spell library was empty.

Dungeon Overview and Level Annotations

Branches:
Dungeon (1/15)

Altars:


Innate Abilities, Weirdness & Mutations

You are immune to sickness and miasma.
You are immune to poison.
Your flesh is very heat resistant. (rF++)
You are vulnerable to cold. (rC-)
You float through the air rather than walking.
You learn spells naturally, not from books.
Your magical power is your life essence.
You have superior vitality. (+4 MHP)


Message History

Found 3 stones.
Unknown command.
You see here a +0 sling.
There are no items here.
You see here a +0 sling.
b - a +0 sling Unknown command.
Found a stone staircase leading down.
There is a stone staircase leading down here.
A frilled lizard and a kobold come into view.
Found 12 gold pieces, a chain mail and a sling.
The frilled lizard hisses angrily.
An endoplasm comes into view.
Unknown command.
The kobold hits you with a +0 club.
You miscast Freeze.
You are very lightly contaminated with residual magic.
Nothing appears to happen.
The kobold barely misses you.
You freeze the kobold.
The kobold is severely wounded.
The kobold hits you with a +0 club.
The frilled lizard bites you but does no damage.
Unknown command.
You freeze the kobold.
You kill the kobold!
The frilled lizard misses you.
You freeze the endoplasm.
The endoplasm is almost dead.
The frilled lizard bites you. The endoplasm freezes you.
You are frozen.
You feel a terrible chill!
* * * LOW HITPOINT WARNING * * *
Unknown command.
You aren't carrying any potions.
You aren't carrying any scrolls.
Unknown command.
You barely miss the endoplasm.
The endoplasm is almost dead.
The frilled lizard bites you.
You die...

### ..# ..#
.### ###..#
...J[#....#####
#l$K........# .
# ##..# ...#.
#)l###
+....#@..>#
#.J.##.#
######.#
####.###.#
#........#
######
#.##.#####
.....####
#.##.#
........####
#.##.#
####.......##
#.#...


You could see an endoplasm and a frilled lizard.

Vanquished Creatures
  A kobold (D:1)
1 creature vanquished.

Notes
Turn   | Place    | Note
-------+----------+-------------------------------------------
     0 | D:1      | Zonian the Djinni Ice Elementalist began the quest for the
                  | Orb.
     0 | D:1      | Zonian set off with the following spells memorised: Freeze,
                  | Frozen Ramparts, Ozocubu's Armour, Summon Ice Beast.
     0 | D:1      | Reached XP level 1. HP: 15/15 MP: 0/0
   119 | D:1      | Slain by a frilled lizard

Illustrated notes

Levels and vault maps discovered:
D:1:      dpeg_arrival_circle_labyrinth_c, layout_basic, serial_corexii_hall,
          corexii_hall_statues_x, corexii_hall_statues_x,
          hellmonk_ecumenical_altar_run_dry, minmay_pentomino_t4

Action                   || total
-------------------------++-------
Melee: Unarmed           ||     1
 Cast: Freeze            ||     3
Armor: Robe              ||     1
Dodge: Dodged            ||     2

Table legend: (Time is in decaauts)
 A = Elapsed time spent in this place.
 B = Non-inter-level travel time spent in this place.
 C = Inter-level travel time spent in this place.
 D = Time resting spent in this place.
 E = Time spent auto-exploring this place.
 F = Levels seen in this place.
 G = Mean time per level.
                   A        B        C        D        E       F      G
               +--------+--------+--------+--------+--------+-----+--------+
         Total |    119 |    119 |      0 |      0 |     98 |   1 |  119.0 |
       Dungeon |    119 |    119 |      0 |      0 |     98 |   1 |  119.0 |
               +--------+--------+--------+--------+--------+-----+--------+

Top non-repeatable levels by time:
     D:1: 119 daAuts
